 Dungeon Crawl Stone Soup version 0.28.0-53-g5a82cb258f (webtiles) character file.

Game seed: 9782373643617093268

236 Eitelfritz the Chopper (level 6, -8/52 (53) HPs)
             Began as a Hill Orc Fighter on July 22, 2022.
             Mangled by a wight
             ... wielding a +0 great sword
              (10 damage)
             ... on level 4 of the Dungeon.
             The game lasted 00:04:02 (3077 turns).

Eitelfritz the Chopper (Hill Orc Fighter)           Turns: 3077, Time: 00:04:02

HP:   -8/52 (53)    AC:  8    Str: 21    XL:     6   Next: 6%
MP:   6/6           EV:  9    Int:  8    God:
Gold: 109           SH:  4    Dex: 10    Spells: 5/5 levels left

rFire   . . .      SeeInvis .   a - +0 war axe
rCold   . . .      Faith    .   c - +0 buckler
rNeg    . . .      Spirit   .   b - +0 scale mail
rPois   .          Reflect  .   (no helmet)
rElec   .          Harm     .   (no cloak)
rCorr   .          Rampage  .   (no gloves)
Will    .....                   n - +0 pair of boots
Stlth   ..........              (no amulet)
HPRegen 0.17/turn               (no ring)
MPRegen 0.10/turn               (no ring)

@: mighty, lightly drained
A: no striking features
a: no special abilities


You were on level 4 of the Dungeon.
You visited 1 branch of the dungeon, and saw 4 of its levels.

You collected 109 gold pieces.

Inventory:

Hand Weapons
 a - a +0 war axe (weapon)
 p - a +0 hand axe of flaming
Missiles
 e - 81 bolts
 m - 4 poisoned darts (quivered)
Armour
 b - a +0 scale mail (worn)
 c - a +0 buckler (worn)
 n - a +0 pair of boots (worn)
Wands
 o - a wand of acid (6)
Scrolls
 f - a scroll of enchant weapon {unknown}
 j - a scroll of amnesia {unknown}
 k - 3 scrolls of noise {unknown}
 l - 2 scrolls of teleportation {unknown}
 q - a scroll of vulnerability {unknown}
 r - a scroll of magic mapping {unknown}
 t - 3 scrolls of enchant armour {unknown}
 u - a scroll of immolation {unknown}
 v - a scroll of identify {unknown}
Potions
 g - a potion of mutation {unknown}
 h - a potion of degeneration {unknown}
 i - a potion of attraction {unknown}
 s - a potion of heal wounds {unknown}


   Skills:
 + Level 4.5 Fighting
 + Level 5.6 Axes
 + Level 4.3 Armour
 + Level 0.9 Dodging
 + Level 0.3 Stealth
 + Level 3.9 Shields


You had 5 spell levels left.
You didn't know any spells.
Your spell library contained the following spells:

 Spells                   Type           Power      Damage    Failure   Level
 Dazzling Flash           Conj/Hex       0%         N/A       99%         3
 Animate Armour           Summ/Erth      0%         N/A       100%        4
 Iskenderun's Mystic Bla  Conj/Tloc      0%         2d3       100%        4
 Agony                    Necr           0%         N/A       100%        5
 Blade Hands              Tmut           0%         N/A       100%        5
 Silence                  Hex/Air        0%         N/A       100%        5
 Iron Shot                Conj/Erth      0%         9d1       100%        6
 Starburst                Conj/Fire      0%         6d3       100%        6


Dungeon Overview and Level Annotations

Branches:
Dungeon (4/15)
 Temple: D:4-7

Altars:


Message History

The wight is moderately damaged.
The wight closely misses you.
You hit the wight.
The wight is severely damaged.
The wight hits you with a +3 battleaxe!
You feel drained.
* * * LOW HITPOINT WARNING * * *
You block the wight's attack.
You feel very mighty all of a sudden.
You slash the wight!
The wight is severely damaged.
You closely miss the wight.
The wight is severely damaged.
The wight hits you with a +5 great sword!
* * * LOW HITPOINT WARNING * * *
You block the wight's attack.
You slash the wight!
You destroy the wight!
Your life force feels restored.
Your Axes skill increases to level 5!
You closely miss the wight.
The wight is severely damaged.
The wight barely misses you.
You slash the wight!
You destroy the wight!
You block the wight's attack.
You have reached level 6!
You closely miss the wight. The wight barely misses you.
You slash the wight!
The wight is heavily damaged.
The wight hits you with a +0 great sword.
* * * LOW HITPOINT WARNING * * *
You feel drained.
You hit the wight.
The wight is severely damaged.
The wight barely misses you.
You closely miss the wight.
The wight is severely damaged.
The wight closely misses you.
The wight hits you with a +0 great sword!
You die...

......######......
#..........<...#
##.............#
#..............#
###...##.....##..#
#..#+#####).## ..#
...# #..# #.# ...#
#..## #.# ...#
#...###@# ...#
#†....#z# ...#
#......z# ...#
#........# ...#
#......#.(# ...#
#......##...# ...#
#....### #.z# ...#
#.#### #.# ...#
#.# ..#


You could see 2 wights.

Vanquished Creatures
  2 wights (D:4)
  Ijyb (D:3)
  An orc wizard (D:3)
  4 adders (D:2)
  2 dart slugs (D:1)
  4 orcs (D:3)
  7 ball pythons
  8 bats
  4 endoplasms
  A giant cockroach (D:3)
  4 goblins
  4 hobgoblins
  2 quokkas
  6 frilled lizards
  6 kobolds
  5 rats
61 creatures vanquished.

Vanquished Creatures (others)
  4 plants
4 creatures vanquished.

Grand Total: 65 creatures vanquished

Notes
Turn   | Place    | Note
-------+----------+-------------------------------------------
     0 | D:1      | Eitelfritz the Hill Orc Fighter began the quest for the
                  | Orb.
     0 | D:1      | Reached XP level 1. HP: 19/19 MP: 1/1
   176 | D:1      | Reached XP level 2. HP: 27/27 MP: 2/2
   393 | D:1      | Found a faded altar of an unknown god.
   559 | D:1      | Reached XP level 3. HP: 33/33 MP: 3/3
   803 | D:1      | Reached skill level 3 in Axes
  1254 | D:2      | Reached XP level 4. HP: 35/40 MP: 4/4
  1343 | D:2      | Reached skill level 4 in Axes
  1488 | D:2      | Identified the +11 hunting sling of Muischekk {vorpal,
                  | Will++ Str-2}
  1906 | D:3      | Noticed Ijyb
  1920 | D:3      | Killed Ijyb
  2201 | D:3      | Reached XP level 5. HP: 30/46 MP: 5/5
  3070 | D:4      | HP: 2/44 [wight/+5 great sword (10)]
  3072 | D:4      | Reached skill level 5 in Axes
  3074 | D:4      | Reached XP level 6. HP: 3/53 MP: 6/6
  3075 | D:4      | HP: 2/53 [wight/+0 great sword (2)]
  3077 | D:4      | Mangled by a wight

Illustrated notes

Levels and vault maps discovered:
D:1:      kilobyte_arrival_exit_the_forest, layout_loops_ring,
          shapermc_ecumenical_altar_pompeii, chequers_serial_rivers_micro_d
D:2:      minmay_wonky_spiral, layout_loops_ring, serial_bayou_pond_b,
          minmay_split_cup_large
D:3:      layout_basic, uniq_ijyb
D:4:      layout_layer_cave, roderic_serpentine_path, kennysheep_dice

Skill      XL: |  1  2  3  4  5 |
---------------+----------------+-----
Fighting       | 4 |  4.5
Axes           | 3 4 5 |  5.6
Armour         | 4 |  4.3
Dodging        | |  0.9
Stealth        | |  0.3
Shields        | |  3.9

Action                   |  1- 3 |  4- 6 || total
-------------------------+-------+-------++-------
Melee: War axe           |    75 |   101 ||   176
  Use: Potion            |       |     1 ||     1
Armor: Scale mail        |    36 |    61 ||    97
Dodge: Dodged            |    40 |    52 ||    92
Block: Buckler           |    18 |    21 ||    39
